 Dungeon Crawl Stone Soup version 0.22-a0-283-g1871b15 (webtiles) character file.

2394 vishdafish the Chopper (level 9, 0/66 HPs)
             Began as a Formicid Fighter on Mar 18, 2018.
             Was an Initiate of Okawaru.
             Succumbed to a killer bee's poison
             ... on level 11 of the Dungeon.
             The game lasted 00:13:47 (7134 turns).

vishdafish the Chopper (Formicid Fighter)           Turns: 7134, Time: 00:13:47

Health: 0/66       AC: 16    Str: 21    XL:     9   Next: 74%
Magic:  9/9        EV: 15    Int: 11    God:    Okawaru [......]
Gold:   271        SH: 16    Dex: 15    Spells: 8/8 levels left

rFire    . . .     SeeInvis +   a - +0 war axe
rCold    . . .     Gourm    .   c - +0 shield
rNeg     . . .     Faith    .   b - +0 scale mail
rPois    .         Spirit   .   (helmet unavailable)
rElec    .         Reflect  +   h - +2 cloak
rCorr    .         Harm     .   w - +0 pair of gloves
MR       +....                  (no boots)
Stlth    +.........             C - +5 amulet of reflection
HPRegen  0.21/turn              z - +2 ring of protection
MPRegen  0.11/turn              u - ring of protection from magic

@: agile, lethally poisoned (0 -> -2)
A: permanent stasis, dig shafts and tunnels, four strong arms, antennae 3,
rugged brown scales 1, thin metallic scales 1, blurry vision 1
a: Dig, Shaft Self, Renounce Religion


You were on level 11 of the Dungeon.
You worshipped Okawaru.
Okawaru was noncommittal.
You were very hungry.

You visited 2 branches of the dungeon, and saw 10 of its levels.
You also visited: Sewer.

You collected 451 gold pieces.
You spent 180 gold pieces at shops.

Inventory:

Hand Weapons
 a - a +0 war axe (weapon)
 p - a +0 hand crossbow
Missiles
 m - 28 bolts
Armour
 b - a +0 scale mail (worn)
 c - a +0 shield (worn)
 h - a +2 cloak (worn)
 w - a +0 pair of gloves (worn)
 x - the +1 leather armour of Boniyqopp {rC+ Dex+4}
   (You found it on level 5 of the Dungeon)

   It affects your dexterity (+4).
   It protects you from cold.
 L - a scarf of cloud immunity
Jewellery
 i - an uncursed ring of protection from cold
 u - a ring of protection from magic (right hand)
 v - an uncursed ring of resist corrosion
 z - a +2 ring of protection (left hand)
 C - a +5 amulet of reflection (around neck)
Wands
 o - a wand of digging (32)
 s - a wand of flame (32)
 A - a wand of enslavement (11)
 F - a wand of paralysis (14)
Scrolls
 e - 2 scrolls of fog
 g - a scroll of amnesia {unknown}
 j - 3 scrolls of remove curse
 k - a scroll of enchant armour
 n - 5 scrolls of teleportation
 r - 2 scrolls of random uselessness
 y - 2 scrolls of noise
 G - a scroll of immolation {unknown}
 K - a scroll of enchant weapon {unknown}
Potions
 d - a potion of berserk rage
 l - a potion of ambrosia
 t - 2 potions of degeneration
 E - a potion of agility
 H - a potion of magic
 J - a potion of cancellation
Comestibles
 f - 11 rations


   Skills:
 - Level 4.2 Fighting
 * Level 7.9 Axes
 * Level 6.6 Crossbows
 - Level 4.2 Armour
 - Level 2.3 Dodging
 + Level 7.4 Shields


You had 8 spell levels left.
You didn't know any spells.

Dungeon Overview and Level Annotations

Branches:
Dungeon (8/15)             Temple (1/1) D:6
   Lair: D:8-11

Altars:
Ashenzari
Cheibriados
Dithmenos
Elyvilon
Fedhas
Gozag
Hepliaklqana
Kikubaaqudgha
Makhleb
Nemelex Xobeh
Okawaru
Qazlal
Ru
Sif Muna
Trog
Uskayaw
Vehumet
Wu Jian
Xom
Yredelemnul
Zin
The Shining One

Shops:
D:7 !


Innate Abilities, Weirdness & Mutations

You cannot be hasted, slowed, berserked, paralysed or teleported.
You can dig through walls and to a lower floor.
Your four strong arms can wield two-handed weapons with a shield.
You have a pair of large antennae on your head. (SInv)
You are partially covered in rugged brown scales. (AC +1, +3% HP)
You are partially covered in thin metallic scales. (AC +2)
Scrolls take you a little longer to read.


Message History

An ugly thing and an ogre come into view.
The white ugly thing gurgles horribly!
The ogre shouts!
You hear a loud, deep croak!
Found 16 gold pieces.
* * * LOW HITPOINT WARNING * * *
You feel sick.
Found a stone staircase leading down.
As you open the door, it creaks loudly!
You hear a croak.
You hear an angry hiss.
A bullfrog comes into view.
* * * LOW HITPOINT WARNING * * *
You feel sick.
Found 23 gold pieces.
There is an open door here.
* * * LOW HITPOINT WARNING * * *
You feel sick.
A bullfrog comes into view.
It was a potion of haste.
Your stasis prevents you from being hasted.
You die...

......... ......
.....F. ......
.{.... ..... ....
#... #..# ###
###...####..###...#
#........#{........
#..$.....#O........
#.....@..'..u......
######..##F..##..$.
#####...# ...
...... .. {
........ .
......... ..##>####
+#


You could see a white ugly thing, an ogre and a bullfrog.

Vanquished Creatures
  Prince Ribbit (D:5)
  Duvessa (D:5)
  3 ice beasts (D:5)
  4 phantoms
  A crocodile (Sewer)
  A centaur (D:2)
  A scorpion (D:4)
  5 killer bees (D:8)
  A howler monkey (D:4)
  2 crimson imps (D:5)
  A centaur zombie (D:8)
  A hound (D:4)
  A jelly (D:7)
  5 orc wizards
  A quasit (D:6)
  2 orc priests
  Crazy Yiuf (D:3)
  Jessica (D:2)
  3 iguanas
  Natasha (thrice) (D:3)
  3 worker ants
  6 gnolls
  9 adders
  A howler monkey skeleton (D:4)
  A shadow imp (D:6)
  2 oozes
  An adder zombie (D:5)
  An adder skeleton (D:5)
  A dart slug (D:2)
  A worm (D:4)
  3 leopard geckos
  17 orcs
  A ball python (D:2)
  13 bats
  15 giant cockroaches
  6 goblins
  7 hobgoblins
  15 jackals
  7 kobolds
  4 quokkas
  13 frilled lizards
  A jackal zombie (D:7)
  A leopard gecko skeleton (D:5)
  A quokka skeleton (D:4)
  A quokka zombie (D:6)
  9 rats
179 creatures vanquished.

Vanquished Creatures (others)
  Dowan (D:5)
1 creature vanquished.

Grand Total: 180 creatures vanquished

Notes
Turn   | Place    | Note
-------+----------+-------------------------------------------
     0 | D:1      | vishdafish the Formicid Fighter began the quest for the Orb.
     0 | D:1      | Reached XP level 1. HP: 18/18 MP: 1/1
    71 | D:1      | Reached XP level 2. HP: 24/24 MP: 2/2
   376 | D:1      | Reached XP level 3. HP: 25/29 MP: 3/3
   751 | D:2      | Noticed a centaur
   758 | D:2      | Killed a centaur
   758 | D:2      | Reached skill level 1 in Dodging
   758 | D:2      | Reached XP level 4. HP: 5/37 MP: 4/4
   758 | D:2      | Reached XP level 5. HP: 6/42 MP: 5/5
  1291 | D:2      | Noticed Jessica
  1324 | D:2      | Killed Jessica
  1453 | D:2      | Reached XP level 6. HP: 41/48 MP: 6/6
  1543 | D:2      | Found a faded altar of an unknown god.
  1888 | D:3      | Found a glowing drain.
  1901 | Sewer    | Entered a sewer
  2250 | D:3      | Noticed Natasha
  2263 | D:3      | Killed Natasha
  2297 | D:3      | Reached XP level 7. HP: 18/54 MP: 7/7
  2302 | D:3      | Reached skill level 1 in Crossbows
  2590 | D:3      | Noticed Natasha
  2596 | D:3      | Killed Natasha
  2619 | D:3      | Reached skill level 5 in Shields
  2854 | D:3      | Found a runed door.
  2858 | D:3      | Noticed Crazy Yiuf
  2867 | D:3      | Killed Crazy Yiuf
  3374 | D:3      | Noticed Natasha
  3375 | D:3      | Found a hide-covered altar of Uskayaw.
  3375 | D:3      | Found an ornate altar of the Wu Jian Council.
  3384 | D:3      | Killed Natasha
  3385 | D:3      | Found a shattered altar of Ashenzari.
  3657 | D:4      | Reached skill level 5 in Axes
  3828 | D:4      | Reached XP level 8. HP: 60/60 MP: 8/8
  4208 | D:5      | Entered Level 5 of the Dungeon
  4275 | D:5      | Got a smelly leather armour
  4286 | D:5      | Identified the +1 leather armour of Boniyqopp {rC+ Dex+4} (You found it on level 5 of the Dungeon)
  4353 | D:5      | Found a shadowy altar of Dithmenos.
  4441 | D:5      | Noticed Dowan
  4444 | D:5      | Noticed Duvessa
  4461 | D:5      | Your ally died
  4476 | D:5      | Killed Duvessa
  4761 | D:5      | Noticed Prince Ribbit
  4788 | D:5      | Killed Prince Ribbit
  4788 | D:5      | Reached skill level 5 in Crossbows
  4788 | D:5      | Reached XP level 9. HP: 62/65 MP: 9/9
  5414 | D:6      | Found a staircase to the Ecumenical Temple.
  5431 | Temple   | Entered the Ecumenical Temple
  5726 | D:6      | Found an iron altar of Okawaru.
  5743 | D:6      | Became a worshipper of Warmaster Okawaru
  6127 | D:7      | Found a sacrificial altar of Ru.
  6220 | D:7      | Found a white marble altar of Elyvilon.
  6227 | D:7      | Found a deep blue altar of Sif Muna.
  6227 | D:7      | Found Jolyhyby's Distillery.
  6251 | D:7      | Bought a potion of agility for 48 gold pieces
  6251 | D:7      | Bought a potion of lignification for 36 gold pieces
  6251 | D:7      | Bought a potion of cancellation for 96 gold pieces
  6494 | D:7      | Found a glowing golden altar of the Shining One.
  6500 | D:7      | Found a glowing silver altar of Zin.
  7124 | D:8      | Gained mutation: You are partially covered in thin metallic scales. (AC +2) [potion of mutation]
  7124 | D:8      | Gained mutation: Scrolls take you a little longer to read. [potion of mutation]
  7124 | D:8      | Gained mutation: You are partially covered in rugged brown scales. (AC +1, +3% HP) [potion of mutation]
  7125 | D:8      | HP: 3/66 [poisoned by a killer bee]
  7127 | D:8      | You fall through a shaft for 3 floors!
  7127 | D:11     | Noticed a white ugly thing
  7130 | D:11     | HP: 1/66 [poisoned by a killer bee]
  7134 | D:11     | Succumbed to a killer bee's poison

Vault maps used:
D:1:      scummos_arrival_simple_crosswalls
D:2:      minmay_roachtagon, chequers_ecumenical_altar_grove, uniq_jessica
D:3:      gammafunk_temple_overflow_claw, portal_sewer_entry_d, first_ration,
          minmay_bisected, uniq_natasha, uniq_crazy_yiuf_cottage
D:5:      grunt_dithmenos_smoke, uniq_prince_ribbit1, uniq_duvessa
D:6:      lemuel_round_altar, minmay_temple_entry_junction
D:7:      good_gods_temple_1, nicolae_ru_awakened_eye, led_sif_book,
          serial_glass, glass_columns_b, glass_columns_b, serial_shops,
          nicolae_shop_stone
D:8:      the_bakery, uniq_maurice
D:11:     serial_shops, nicolae_shop_behind_doors, basic_altar
Temple:   nicolae_temple_god_jail
Sewer:    sewer_big_baddie

Skill      XL: |  1  2  3  4  5  6  7  8  9 |
---------------+----------------------------+-----
Axes           | 3 4 5 6 7 |  7.9
Dodging        | 1 2 |  2.3
Shields        | 4 5 6 7 |  7.4
Armour         | 4 |  4.2
Fighting       | 4 |  4.2
Crossbows      | 3 5 6 |  6.6

Action                   |  1- 3 |  4- 6 |  7- 9 || total
-------------------------+-------+-------+-------++-------
Melee: War axe           |    77 |   195 |   429 ||   701
 Fire: Hand crossbow     |       |       |    20 ||    20
 Abil: Dig               |       |     1 |     1 ||     2
       Shaft Self        |       |       |     1 ||     1
Evoke: Wand              |       |       |     1 ||     1
  Use: Potion            |     1 |     3 |     7 ||    11
       Scroll            |       |     2 |    10 ||    12
 Stab: Distracted        |       |       |     1 ||     1
  Eat: Chunk             |       |     5 |    12 ||    17
       Ration            |       |       |     1 ||     1
Armor: Scale mail        |    30 |   107 |   159 ||   296
       Skin              |       |       |    58 ||    58
Dodge: Dodged            |    31 |    83 |   176 ||   290
Block: Shield            |    44 |   111 |   313 ||   468
       Reflection        |       |       |     1 ||     1

Table legend:
 A = Spawn XP
 B = Non-spawn XP
 C = Spawn XP percentage of total XP
 D = Spawn monster count
 E = Non-spawn monster count
 F = Spawn count percentage of total count
 G = Total turns spent on level
                    A         B        C        D         E        F      G
               +---------+---------+-------+---------+---------+-------+---------
         Total |       0 |    3420 |   0.0 |       0 |     180 |   0.0 |  7134
               +---------+---------+-------+---------+---------+-------+---------
           D:1 |       0 |      41 |   0.0 |       0 |      22 |   0.0 |   743
           D:2 |       0 |     247 |   0.0 |       0 |      33 |   0.0 |  1113
           D:3 |       0 |     366 |   0.0 |       0 |      46 |   0.0 |  1423
           D:4 |       0 |     634 |   0.0 |       0 |      25 |   0.0 |   616
           D:5 |       0 |    1295 |   0.0 |       0 |      21 |   0.0 |  1158
           D:6 |       0 |      72 |   0.0 |       0 |       6 |   0.0 |   637
           D:7 |       0 |     252 |   0.0 |       0 |      11 |   0.0 |   913
           D:8 |       0 |     397 |   0.0 |       0 |      10 |   0.0 |   108
         Sewer |       0 |     116 |   0.0 |       0 |       6 |   0.0 |   313
               +---------+---------+-------+---------+---------+-------+---------
